 Dungeon Crawl Stone Soup version 0.29-a0-825-g72347fce65 (webtiles) character file.

Game seed: 5929311204333832137

85 Nedwor the Trooper (level 4, -2/24 HPs)
             Began as a Vine Stalker Fighter on July 8, 2022.
             Slain by Natasha (7 damage)
             ... on level 2 of the Dungeon on July 11, 2022.
             The game lasted 00:02:05 (1303 turns).

Nedwor the Trooper (Vine Stalker Fighter)           Turns: 1303, Time: 00:02:06

Health: -2/24      AC:  0    Str: 18    XL:     4   Next: 48%
Magic:  0/5        EV: 14    Int:  8    God:
Gold:   47         SH:  0    Dex: 16    Spells: 3/3 levels left

rFire   . . .      SeeInvis .   (weapon currently unavailable)
rCold   . . .      Faith    .   (shield currently unavailable)
rNeg    . . .      Spirit   +   (body armour currently unavailable)
rPois   .          Reflect  .   (helmet currently unavailable)
rElec   .          Harm     .   (cloak currently unavailable)
rCorr   .          Rampage  .   (gloves currently unavailable)
Will    .....                   (boots currently unavailable)
Stlth   +.........              (no amulet)
HPRegen 0.88/turn               (ring currently unavailable)
MPRegen 0.09/turn               (ring currently unavailable)

@: pig-form (expiring), slowed
A: fast, no casting, small, (fangs 2), regeneration 1, magic shield, (antimagic
bite), no potion heal 2
a: no special abilities


You were on level 2 of the Dungeon.
You were a filthy swine.
You visited 1 branch of the dungeon, and saw 2 of its levels.

You collected 47 gold pieces.

Inventory:

Hand Weapons
 a - a +0 rapier (melded)
Armour
 b - a +0 scale mail (melded)
 c - a +0 buckler (melded)
 j - a +2 cloak (melded)
Scrolls
 e - a scroll of identify {unknown}
 i - a scroll of noise {unknown}
 k - a scroll of blinking {unknown}
 m - a scroll of magic mapping {unknown}
Potions
 d - a potion of might
 f - a potion of heal wounds {unknown}
 g - 2 potions of lignification {unknown}
 h - 4 potions of curing {unknown}
 l - a potion of attraction {unknown}
 n - a potion of flight {unknown}
 o - a potion of magic {unknown}


   Skills:
 + Level 3.1 Fighting
 * Level 2.7 Short Blades
 + Level 2.8 Armour
 + Level 1.1 Dodging
 + Level 3.0 Shields


You had 3 spell levels left.
You didn't know any spells.
Your spell library contained the following spells:

 Spells                   Type           Power      Damage    Failure   Level
 Shock                    Conj/Air       0%         1d3       41%         1
 Swiftness                Air            0%         N/A       78%         3
 Airstrike                Air            0%         0-1+      99%         4


Dungeon Overview and Level Annotations

Branches:
Dungeon (2/15)

Altars:

Shops:
D:2 :

Annotations:
D:2 Natasha


Innate Abilities, Weirdness & Mutations

You are a filthy swine.
You move quickly.
Your equipment is almost entirely melded.
You are incapable of wielding weapons or throwing items.
You cannot cast spells.
((You have extremely sharp teeth.))
Your natural rate of healing is unusually fast.
When hurt, damage is shared between your health and your magic reserves.
((Your bite disrupts and absorbs the magic of your enemies.))
Potions cannot restore your health.


Message History

Natasha is nearby!
You are too injured to fight recklessly!
You barely miss Natasha.
Natasha is moderately wounded.
Natasha closely misses you.
You closely miss Natasha.
Natasha is moderately wounded.
Natasha claws you!
* * * LOW HITPOINT WARNING * * *
Natasha claws you.
* * * LOW HITPOINT WARNING * * *
You miss Natasha.
Natasha is moderately wounded.
Natasha growls.
Natasha mumbles some strange words.
You closely miss Natasha.
Natasha is moderately wounded.
Natasha mewls in sadness.
Natasha barely misses you. The white imp hits you.
* * * LOW HITPOINT WARNING * * *
The white imp freezes you.
* * * LOW HITPOINT WARNING * * *
Unknown command.
Unknown command.
You barely miss Natasha.
Natasha is moderately wounded.
Natasha closely misses you. The white imp barely misses you.
Natasha closely misses you.
Unknown command.
You closely miss Natasha.
Natasha is moderately wounded.
Your transformation is almost over.
The white imp completely misses you. Natasha barely misses you.
The white imp gestures at you. The puff of frost misses you.
Unknown command.
You hit Natasha.
Natasha is moderately wounded.
Natasha barely misses you. The white imp barely misses you. Natasha claws you!
You die...

# ..############ #....
.............#
####..).....#.###⌠.⌠#.#
.............##5##.∩...#
................h.⌠.⌠..#
#............##h##.###)#
#.###..... ..#.#
#.###.##########
.......#.##...#
#...............
............#.
#####.##########
..###......## #.# ..#
#..#.#..# #.# #.#
#..#.#.#.# #.#
#.###..#.#.#[# #.# ##


You could see Natasha and a white imp (summoned).

Vanquished Creatures
  Natasha (D:2)
  An adder (D:2)
  A worm (D:2)
  3 dart slugs
  3 endoplasms (D:1)
  4 giant cockroaches (D:1)
  6 goblins
  3 hobgoblins (D:1)
  3 kobolds (D:1)
  A quokka (D:1)
  3 ball pythons
  8 bats
  2 frilled lizards (D:1)
  4 rats (D:1)
43 creatures vanquished.

Notes
Turn   | Place    | Note
-------+----------+-------------------------------------------
     0 | D:1      | Nedwor the Vine Stalker Fighter began the quest for the
                  | Orb.
     0 | D:1      | Reached XP level 1. HP: 11/11 MP: 2/2
   103 | D:1      | Reached XP level 2. HP: 16/16 MP: 3/3
   395 | D:1      | Reached XP level 3. HP: 19/19 MP: 4/4
   892 | D:1      | You fall into a shaft and drop 1 floor!
   919 | D:2      | Upgraded the game from 0.29-a0-822-ga620ab95ad to
                  | 0.29-a0-825-g72347fce65
   985 | D:2      | Found a faded altar of an unknown god.
  1000 | D:2      | Noticed Natasha
  1011 | D:2      | Killed Natasha
  1012 | D:2      | Reached skill level 1 in Dodging
  1012 | D:2      | Gained mutation: Your natural rate of healing is unusually
                  | fast. [Vine Stalker growth]
  1012 | D:2      | Reached XP level 4. HP: 18/24 MP: 3/5
  1276 | D:2      | Found Hecuomol's Book Shoppe.
  1287 | D:2      | Noticed Natasha
  1298 | D:2      | HP: 1/24 [Natasha (5)]
  1303 | D:2      | Slain by Natasha

Illustrated notes

Levels and vault maps discovered:
D:1:      spicycebolla_arrival_xxxplode, layout_loops_ring, serial_rivers,
          chequers_serial_rivers_small_3, chequers_serial_rivers_micro_d,
          chequers_serial_rivers_micro_d, chequers_serial_rivers_room_a
D:2:      layout_loops_ring, chequers_ecumenical_altar_simple, serial_shops,
          shop_fountains, chequers_mini_garden, kennysheep_generic_room_7,
          uniq_natasha

Skill      XL: |  1  2  3 |
---------------+----------+-----
Short Blades   | 2 |  2.7
Fighting       | 3 |  3.1
Dodging        | 1 |  1.1
Shields        | 3 |  3.0
Armour         | |  2.8

Action                   |  1- 3 |  4- 6 || total
-------------------------+-------+-------++-------
Melee: Rapier            |    86 |    18 ||   104
       Bite              |    22 |     4 ||    26
       Unarmed           |       |    14 ||    14
Armor: Scale mail        |    42 |     9 ||    51
Dodge: Dodged            |    38 |    24 ||    62
Block: Buckler           |    19 |     2 ||    21

Table legend: (Time is in decaauts)
 A = Elapsed time spent in this place.
 B = Non-inter-level travel time spent in this place.
 C = Inter-level travel time spent in this place.
 D = Time resting spent in this place.
 E = Time spent auto-exploring this place.
 F = Levels seen in this place.
 G = Mean time per level.
                   A        B        C        D        E       F      G
               +--------+--------+--------+--------+--------+-----+--------+
         Total |   1321 |   1321 |      0 |      0 |   1035 |   2 |  660.5 |
       Dungeon |   1321 |   1321 |      0 |      0 |   1035 |   2 |  660.5 |
               +--------+--------+--------+--------+--------+-----+--------+

Top non-repeatable levels by time:
     D:1: 902 daAuts
     D:2: 418 daAuts
